AoeStats
← Abacaxi de Marataízes ^_~

MegaRandom

504793967Analyzed
1v1 RM · 27d ago on Sep 6, 2026· 53m 20s· 2 players
Game mode
Random Map
Map size
Tiny (2 player)
Population
200
Speed
Normal
Resources
Standard
Victory
Conquest
Starting age
Dark Age
Ending age
Imperial Age
RankedLock teamsTeams togetherTeam positionsShared explorationLock speedFull tech treeHidden civsTurbo modeCheats
Victory
Defeat
🇧🇷 Inca · Brazil
796
+15
🇪🇸 Burgundians · Spain
764
-15
Aurikan
5:26 Loom
13:54 Double-Bit Axe
17:49 Feudal Age
19:37 Fletching
22:25 Town Watch
31:31 Castle Age
31:43 Scale Barding Armor
33:20 Cavalier
37:30 Wheelbarrow
37:43 Husbandry
41:51 Forging
44:09 Bodkin Arrow
47:23 Crossbowman
49:22 Padded Archer Armor
Abacaxi de Marataízes ^_~
10:06 Loom
12:54 Feudal Age
23:25 Double-Bit Axe
26:12 Fletching
30:13 Castle Age
28:37 Padded Archer Armor
29:45 Horse Collar
32:20 Bodkin Arrow
32:11 Crossbowman
35:29 Leather Archer Armor
36:02 Bow Saw
38:20 Scale Mail Armor
40:07 Chain Mail Armor
41:30 Gold Mining
47:17 Imperial Age
45:29 Forging
48:21 Iron Casting
49:34 Plate Mail Armor
51:22 Masonry
52:02 Elite Kamayuk
Connection lost

Rejoining the realm…

Still unreachable

The connection could not be restored.

Session expired

The server has moved on; the page needs a fresh start.